[ AOE2 MATCH · #479971156 ]
UnrankedItalians vs Vietnamese
[ REPLAY ANALYSIS · EXTRACTED FROM THE RECORDED GAME ]
Feudal
12:34
Castle
16:30
Imperial
34:08
| APM avg | 49.8 |
| APM peak | 98 |
| eAPM avg | 25.3 |
| Villagers / military | 207 / 37 |
Focus
⚔️ 23.6% · 🌾 76.4%
Unknown (882) ×98 · Scorpion ×26 · Genoese Crossbowman ×8 · Trebuchet (Packed) ×3
Feudal
13:41
Castle
17:15
Imperial
33:28
| APM avg | 50.3 |
| APM peak | 97 |
| eAPM avg | 25.3 |
| Villagers / military | 182 / 135 |
Focus
⚔️ 48.2% · 🌾 51.8%
Battle Elephant ×76 · Rattan Archer ×58 · Scout Cavalry ×1
Feudal
13:35
Castle
30:35
Imperial
46:19
| APM avg | 36.8 |
| APM peak | 97 |
| eAPM avg | 19.2 |
| Villagers / military | 104 / 87 |
Focus
⚔️ 31.8% · 🌾 68.2%
Scout Cavalry ×55 · Hand Cannoneer ×19 · Camel Scout ×8 · Bombard Cannon ×4 · Spearman ×1
Feudal
13:43
Castle
17:29
Imperial
47:06
| APM avg | 26.1 |
| APM peak | 50 |
| eAPM avg | 13.4 |
| Villagers / military | 145 / 5 |
Focus
⚔️ 19.7% · 🌾 80.3%
Unknown (2550) ×72 · Battering Ram ×5
Feudal
12:23
Castle
15:53
Imperial
—
| APM avg | 33.7 |
| APM peak | 86 |
| eAPM avg | 16.8 |
| Villagers / military | 176 / 2 |
Focus
⚔️ 20.0% · 🌾 80.0%
Unknown (2579) ×30 · Unknown (2582) ×30 · Spearman ×2 · Trade Cart ×1
Feudal
12:20
Castle
23:58
Imperial
—
| APM avg | 34.2 |
| APM peak | 103 |
| eAPM avg | 16.3 |
| Villagers / military | 39 / 23 |
Focus
⚔️ 22.9% · 🌾 77.1%
Archer ×20 · Iron Pagoda ×2 · Spearman ×1
Feudal
12:47
Castle
18:03
Imperial
32:46
| APM avg | 40.6 |
| APM peak | 84 |
| eAPM avg | 20.8 |
| Villagers / military | 129 / 240 |
Focus
⚔️ 41.9% · 🌾 58.1%
Spearman ×116 · Warrior Priest ×57 · Militia ×46 · Monk ×6 · Composite Bowman ×6 · Trebuchet (Packed) ×6
Feudal
14:16
Castle
18:19
Imperial
37:14
| APM avg | 47.3 |
| APM peak | 93 |
| eAPM avg | 26.3 |
| Villagers / military | 197 / 162 |
Focus
⚔️ 36.3% · 🌾 63.7%
Obuch ×139 · Knight ×18 · Scorpion ×5
Match map
Initial resources + every placement click. Lines = walls · curves = elevation contours. ◆ gold · ⬟ stone · ● berries · ✦ relic · ◌ wall gap
Your base· Open — unwalled flank
FMG | Esteban's base· Open — unwalled flank
deev's base· Open — 12t gap
SSx_APOCALIPSE's base· Open — unwalled flank
Fluorspar's base· Open — unwalled flank
SS_T3q's base· Open — unwalled flank
Wiener's base· Open — unwalled flank
SS_Spectro's base· Open — unwalled flank
Smoothed initial terrain · ◌ = detected wall gap · hover for details
Inputs per minute
— SS_Snap - - FMG | Esteban
Build order — SS_Snap
First 150 of 460 actions detected
| 0:25 | Build | Town Center |
| 1:37 | Build | House |
| 2:27 | Build | House |
| 2:40 | Build | House |
| 2:46 | Create | Villager (Male) |
| 2:46 | Create | Villager (Male) |
| 2:47 | Create | Villager (Male) |
| 2:54 | Create | Villager (Male) |
| 2:54 | Create | Villager (Male) |
| 3:30 | Build | House |
| 3:40 | Create | Villager (Male) |
| 3:41 | Create | Villager (Male) |
| 3:46 | Build | House |
| 4:02 | Build | House |
| 4:21 | Create | Villager (Male) |
| 4:21 | Create | Villager (Male) |
| 4:31 | Build | House |
| 5:08 | Create | Villager (Male) |
| 5:09 | Create | Villager (Male) |
| 5:09 | Create | Villager (Male) |
| 5:10 | Create | Villager (Male) |
| 5:43 | Create | Villager (Male) |
| 5:44 | Create | Villager (Male) |
| 5:50 | Build | Lumber Camp |
| 6:13 | Create | Villager (Male) |
| 6:13 | Create | Villager (Male) |
| 6:27 | Build | House |
| 6:51 | Create | Villager (Male) |
| 6:51 | Create | Villager (Male) |
| 7:01 | Create | Villager (Male) |
| 7:02 | Create | Villager (Male) |
| 7:16 | Create | Villager (Male) |
| 7:16 | Create | Villager (Male) |
| 7:32 | Build | House |
| 7:42 | Build | House |
| 8:04 | Create | Villager (Male) |
| 8:34 | Build | Mill |
| 8:36 | Create | Villager (Male) |
| 9:02 | Build | House |
| 9:09 | Create | Villager (Male) |
| 9:54 | Build | House |
| 9:59 | Create | Villager (Male) |
| 10:16 | Research | Feudal Age |
| 10:17 | Research | Feudal Age |
| 10:37 | Build | Palisade Wall |
| 10:38 | Build | Palisade Wall |
| 10:39 | Build | Palisade Wall |
| 10:42 | Build | Palisade Gate |
| 12:24 | Create | Villager (Male) |
| 12:34 | Age | Feudal Age |
| 12:39 | Build | Market |
| 12:42 | Build | Blacksmith |
| 12:53 | Create | Villager (Male) |
| 13:06 | Create | Villager (Male) |
| 13:19 | Research | Double-Bit Axe |
| 13:19 | Research | Double-Bit Axe |
| 13:41 | Research | Castle Age |
| 13:41 | Research | Castle Age |
| 15:20 | Build | House |
| 15:44 | Create | Villager (Male) |
| 15:48 | Build | House |
| 16:11 | Create | Villager (Male) |
| 16:21 | Create | Villager (Male) |
| 16:30 | Age | Castle Age |
| 16:35 | Build | Town Center |
| 16:43 | Build | Town Center |
| 16:45 | Create | Villager (Male) |
| 17:09 | Create | Villager (Male) |
| 17:41 | Create | Villager (Male) |
| 17:42 | Create | Villager (Male) |
| 17:42 | Create | Villager (Male) |
| 17:51 | Create | Villager (Male) |
| 17:56 | Create | Villager (Male) |
| 17:57 | Create | Villager (Male) |
| 18:01 | Research | Bow Saw |
| 18:02 | Research | Bow Saw |
| 18:06 | Create | Villager (Male) |
| 18:13 | Create | Villager (Male) |
| 18:28 | Create | Villager (Male) |
| 18:36 | Create | Villager (Male) |
| 18:45 | Create | Villager (Male) |
| 18:47 | Research | Horse Collar |
| 18:48 | Research | Horse Collar |
| 18:49 | Create | Villager (Male) |
| 18:58 | Create | Villager (Male) |
| 19:10 | Create | Villager (Male) |
| 19:13 | Create | Villager (Male) |
| 19:14 | Create | Villager (Male) |
| 19:19 | Build | House |
| 19:27 | Create | Villager (Male) |
| 19:28 | Create | Villager (Male) |
| 19:35 | Create | Villager (Male) |
| 19:37 | Build | House |
| 19:38 | Build | House |
| 19:42 | Build | Farm |
| 19:44 | Create | Villager (Male) |
| 19:48 | Create | Villager (Male) |
| 19:49 | Build | Farm |
| 19:54 | Create | Villager (Male) |
| 19:56 | Build | House |
| 19:57 | Build | House |
| 20:02 | Build | Farm |
| 20:05 | Build | Farm |
| 20:06 | Create | Villager (Male) |
| 20:08 | Build | Farm |
| 20:14 | Create | Villager (Male) |
| 20:15 | Create | Villager (Male) |
| 20:17 | Build | Farm |
| 20:31 | Research | Loom |
| 20:44 | Build | Farm |
| 21:01 | Create | Villager (Male) |
| 21:02 | Create | Villager (Male) |
| 21:02 | Create | Villager (Male) |
| 21:39 | Create | Villager (Male) |
| 21:40 | Create | Villager (Male) |
| 21:40 | Create | Villager (Male) |
| 21:40 | Create | Villager (Male) |
| 21:40 | Create | Villager (Male) |
| 21:52 | Create | Villager (Male) |
| 22:04 | Create | Villager (Male) |
| 22:06 | Build | Farm |
| 22:11 | Create | Villager (Male) |
| 22:14 | Create | Villager (Male) |
| 22:35 | Create | Villager (Male) |
| 22:35 | Create | Villager (Male) |
| 22:37 | Create | Villager (Male) |
| 23:00 | Create | Villager (Male) |
| 23:01 | Create | Villager (Male) |
| 23:01 | Create | Villager (Male) |
| 23:25 | Research | Wheelbarrow |
| 23:26 | Research | Wheelbarrow |
| 23:43 | Build | Siege Workshop |
| 23:44 | Create | Villager (Male) |
| 23:45 | Create | Villager (Male) |
| 23:45 | Create | Villager (Male) |
| 24:03 | Build | Town Center |
| 24:07 | Create | Villager (Male) |
| 24:09 | Create | Villager (Male) |
| 24:20 | Build | Castle |
| 24:29 | Build | Castle |
| 24:31 | Create | Scorpion |
| 24:31 | Create | Scorpion |
| 24:33 | Create | Villager (Male) |
| 24:33 | Create | Villager (Male) |
| 24:34 | Create | Villager (Male) |
| 24:35 | Create | Villager (Male) |
| 24:35 | Create | Villager (Male) |
| 24:37 | Create | Villager (Male) |
| 24:38 | Create | Villager (Male) |
| 25:29 | Create | Scorpion |
Build order — FMG | Esteban
First 150 of 576 actions detected
| 0:37 | Build | Town Center |
| 0:47 | Build | House |
| 2:46 | Create | Villager (Male) |
| 2:46 | Create | Villager (Male) |
| 2:46 | Create | Villager (Male) |
| 2:47 | Create | Villager (Male) |
| 2:47 | Create | Villager (Male) |
| 4:04 | Create | Villager (Male) |
| 4:04 | Create | Villager (Male) |
| 4:30 | Build | House |
| 4:42 | Create | Villager (Male) |
| 4:42 | Create | Villager (Male) |
| 4:50 | Create | Villager (Male) ×2 |
| 5:32 | Build | Lumber Camp |
| 5:38 | Build | House |
| 5:54 | Build | House |
| 6:00 | Create | Villager (Male) ×2 |
| 6:00 | Create | Villager (Male) |
| 6:02 | Create | Villager (Male) |
| 6:02 | Create | Villager (Male) |
| 6:43 | Build | House |
| 7:05 | Create | Villager (Male) |
| 7:05 | Create | Villager (Male) |
| 7:05 | Create | Villager (Male) |
| 7:08 | Create | Villager (Male) |
| 7:08 | Create | Villager (Male) |
| 7:49 | Build | House |
| 8:02 | Build | House |
| 8:11 | Build | Mill |
| 8:12 | Create | Villager (Male) |
| 8:12 | Create | Villager (Male) |
| 8:13 | Create | Villager (Male) |
| 8:37 | Build | House |
| 8:52 | Create | Villager (Male) |
| 9:24 | Build | House |
| 9:28 | Build | House |
| 10:04 | Build | Mining Camp |
| 10:15 | Create | Villager (Male) |
| 10:32 | Create | Villager (Male) |
| 10:32 | Research | Loom |
| 10:34 | Research | Feudal Age |
| 10:34 | Research | Feudal Age |
| 11:37 | Create | Villager (Male) |
| 11:37 | Create | Villager (Male) |
| 12:14 | Create | Villager (Male) |
| 12:14 | Create | Villager (Male) |
| 12:20 | Build | House |
| 12:34 | Build | House |
| 12:55 | Build | House |
| 13:41 | Age | Feudal Age |
| 13:43 | Build | Market |
| 13:46 | Build | Blacksmith |
| 13:49 | Build | Stone Wall |
| 13:50 | Build | Stone Wall |
| 13:54 | Build | House |
| 14:35 | Research | Castle Age |
| 14:35 | Research | Castle Age |
| 14:35 | Research | Castle Age |
| 15:01 | Research | Double-Bit Axe |
| 15:01 | Research | Double-Bit Axe |
| 15:06 | Build | House |
| 15:08 | Build | Stone Wall |
| 15:08 | Build | Stone Wall |
| 15:09 | Build | Stone Wall |
| 15:18 | Build | Stone Wall |
| 15:18 | Build | Stone Wall |
| 15:40 | Build | Stone Wall |
| 15:42 | Create | Villager (Male) |
| 15:45 | Build | Stone Wall |
| 15:46 | Build | Stone Wall |
| 15:49 | Build | Stone Wall |
| 16:05 | Create | Villager (Male) |
| 16:31 | Research | Fletching |
| 17:15 | Age | Castle Age |
| 17:32 | Build | Castle |
| 17:39 | Research | Bow Saw |
| 17:40 | Research | Bow Saw |
| 17:55 | Create | Villager (Male) |
| 18:07 | Build | House |
| 18:10 | Create | Villager (Male) |
| 18:46 | Build | House |
| 18:47 | Build | Palisade Wall |
| 18:48 | Create | Rattan Archer |
| 18:49 | Create | Villager (Male) |
| 18:55 | Build | Town Center |
| 19:04 | Create | Villager (Male) |
| 19:05 | Create | Rattan Archer |
| 19:05 | Create | Rattan Archer |
| 19:07 | Create | Villager (Male) |
| 19:22 | Create | Villager (Male) |
| 19:30 | Create | Villager (Male) |
| 19:37 | Create | Villager (Male) |
| 19:40 | Create | Rattan Archer |
| 19:47 | Research | Bodkin Arrow |
| 19:47 | Research | Bodkin Arrow |
| 20:09 | Create | Villager (Male) |
| 20:10 | Create | Villager (Male) |
| 20:15 | Create | Rattan Archer |
| 20:16 | Create | Rattan Archer |
| 20:21 | Create | Villager (Male) |
| 20:37 | Build | Town Center |
| 20:38 | Create | Villager (Male) |
| 20:38 | Create | Villager (Male) |
| 20:51 | Create | Rattan Archer |
| 20:51 | Create | Rattan Archer |
| 21:08 | Create | Villager (Male) |
| 21:14 | Create | Villager (Male) |
| 21:19 | Create | Villager (Male) |
| 21:31 | Create | Rattan Archer |
| 21:31 | Create | Rattan Archer |
| 21:38 | Create | Villager (Male) |
| 21:50 | Build | Mill |
| 21:51 | Create | Villager (Male) |
| 21:51 | Create | Villager (Male) |
| 21:52 | Create | Rattan Archer |
| 21:54 | Create | Rattan Archer |
| 21:54 | Create | Rattan Archer |
| 22:08 | Research | Horse Collar |
| 22:08 | Research | Horse Collar |
| 22:15 | Create | Villager (Male) |
| 22:15 | Create | Villager (Male) |
| 22:16 | Create | Rattan Archer |
| 22:29 | Build | Farm |
| 22:29 | Build | Farm |
| 22:30 | Build | Farm |
| 22:30 | Build | Farm |
| 22:30 | Build | Farm |
| 22:34 | Create | Villager (Male) |
| 22:35 | Create | Villager (Male) |
| 23:02 | Create | Rattan Archer |
| 23:12 | Create | Villager (Male) |
| 23:12 | Create | Villager (Male) |
| 23:23 | Build | Farm |
| 23:23 | Build | Farm |
| 23:24 | Build | Farm |
| 23:24 | Build | Farm |
| 23:24 | Build | Farm |
| 23:24 | Build | Farm |
| 23:27 | Create | Villager (Male) |
| 23:27 | Create | Villager (Male) |
| 23:30 | Create | Villager (Male) |
| 23:30 | Create | Villager (Male) |
| 23:30 | Create | Villager (Male) |
| 23:44 | Create | Villager (Male) |
| 23:44 | Create | Villager (Male) |
| 23:46 | Build | Farm |
| 23:48 | Build | Farm |
| 23:50 | Create | Villager (Male) |
| 23:50 | Create | Villager (Male) |
| 23:51 | Create | Villager (Male) |
Build order — deev
First 150 of 328 actions detected
| 0:15 | Build | Town Center |
| 1:58 | Build | House |
| 2:59 | Create | Villager (Male) ×4 |
| 4:10 | Create | Villager (Male) |
| 4:45 | Create | Villager (Male) |
| 4:48 | Build | House |
| 5:05 | Create | Villager (Male) |
| 5:24 | Create | Villager (Male) |
| 5:24 | Create | Villager (Male) |
| 5:53 | Create | Villager (Male) |
| 5:53 | Create | Villager (Male) |
| 6:02 | Build | House |
| 6:10 | Build | Lumber Camp |
| 6:19 | Create | Villager (Male) |
| 6:40 | Create | Villager (Male) |
| 7:01 | Create | Villager (Male) |
| 7:36 | Create | Villager (Male) |
| 8:01 | Build | Palisade Wall |
| 8:08 | Build | Palisade Wall |
| 8:13 | Build | Palisade Wall |
| 8:24 | Create | Villager (Male) |
| 8:24 | Create | Villager (Male) |
| 8:25 | Create | Villager (Male) |
| 8:25 | Create | Villager (Male) |
| 8:25 | Create | Villager (Male) |
| 9:08 | Build | House |
| 9:26 | Research | Loom |
| 9:44 | Build | House |
| 9:46 | Build | Palisade Wall |
| 10:35 | Create | Villager (Male) |
| 10:38 | Create | Villager (Male) |
| 10:43 | Build | Mill |
| 11:22 | Research | Feudal Age |
| 11:40 | Build | House |
| 11:47 | Build | Palisade Wall |
| 11:48 | Build | Palisade Wall |
| 11:49 | Build | Palisade Wall |
| 12:41 | Create | Villager (Male) |
| 12:41 | Create | Villager (Male) |
| 12:42 | Create | Villager (Male) |
| 13:09 | Build | Barracks |
| 13:17 | Build | Palisade Wall |
| 13:19 | Create | Villager (Male) |
| 13:19 | Create | Villager (Male) |
| 13:35 | Age | Feudal Age |
| 13:36 | Research | Town Watch |
| 13:49 | Research | Double-Bit Axe |
| 13:51 | Create | Villager (Male) |
| 14:03 | Create | Spearman |
| 14:14 | Create | Villager (Male) |
| 14:15 | Create | Villager (Male) |
| 14:25 | Build | Outpost |
| 14:46 | Build | Watch Tower |
| 15:14 | Create | Villager (Male) |
| 15:30 | Create | Villager (Male) |
| 15:30 | Create | Villager (Male) |
| 15:48 | Build | Stable |
| 15:54 | Create | Villager (Male) |
| 16:29 | Create | Scout Cavalry |
| 16:29 | Create | Scout Cavalry |
| 16:31 | Create | Scout Cavalry |
| 16:31 | Create | Scout Cavalry |
| 16:35 | Build | Blacksmith |
| 17:21 | Build | Watch Tower |
| 17:24 | Create | Villager (Male) |
| 17:46 | Create | Scout Cavalry |
| 18:03 | Build | Farm |
| 18:04 | Build | Farm |
| 18:06 | Build | Farm |
| 18:10 | Build | Farm |
| 18:25 | Build | Farm |
| 18:27 | Build | Farm |
| 18:31 | Research | Scale Barding Armor |
| 18:37 | Build | House |
| 18:42 | Build | Farm |
| 18:54 | Create | Scout Cavalry |
| 18:56 | Create | Scout Cavalry |
| 19:05 | Build | Farm |
| 19:23 | Build | Mining Camp |
| 19:30 | Create | Scout Cavalry |
| 19:34 | Create | Villager (Male) |
| 19:46 | Build | Mill |
| 20:01 | Build | House |
| 20:03 | Build | House |
| 20:07 | Create | Scout Cavalry |
| 20:11 | Create | Villager (Male) |
| 20:34 | Build | Watch Tower |
| 20:39 | Create | Villager (Male) |
| 20:44 | Build | Farm |
| 20:48 | Build | Farm |
| 20:52 | Build | Farm |
| 20:58 | Create | Villager (Male) |
| 21:15 | Create | Villager (Male) |
| 21:16 | Create | Villager (Male) |
| 21:31 | Build | Watch Tower |
| 21:46 | Create | Villager (Male) |
| 22:02 | Build | Watch Tower |
| 22:11 | Research | Bloodlines |
| 22:15 | Create | Villager (Male) |
| 22:16 | Create | Villager (Male) |
| 22:19 | Build | Farm |
| 22:20 | Build | Farm |
| 22:21 | Build | Farm |
| 23:06 | Create | Villager (Male) |
| 23:14 | Build | Watch Tower |
| 23:21 | Create | Scout Cavalry |
| 23:21 | Create | Scout Cavalry |
| 23:24 | Create | Villager (Male) |
| 23:29 | Build | Farm |
| 23:31 | Build | Farm |
| 23:33 | Build | Farm |
| 23:34 | Build | Farm |
| 24:03 | Create | Villager (Male) |
| 24:09 | Build | Watch Tower |
| 24:44 | Create | Villager (Male) |
| 24:44 | Create | Villager (Male) |
| 25:05 | Build | Watch Tower |
| 25:10 | Create | Scout Cavalry |
| 25:10 | Create | Scout Cavalry |
| 25:26 | Create | Villager (Male) |
| 26:29 | Build | Market |
| 26:31 | Build | Stable |
| 26:40 | Research | Wheelbarrow |
| 26:45 | Build | House |
| 26:46 | Build | House |
| 26:49 | Build | House |
| 26:52 | Build | House |
| 26:53 | Build | House |
| 27:31 | Research | Castle Age |
| 28:00 | Build | Farm |
| 28:03 | Build | Farm |
| 28:05 | Build | Farm |
| 28:12 | Build | Farm |
| 28:16 | Create | Scout Cavalry ×2 |
| 28:45 | Build | Farm |
| 28:49 | Build | Farm |
| 28:51 | Build | Farm |
| 28:52 | Build | Farm |
| 29:22 | Research | Forging |
| 29:41 | Build | Palisade Gate |
| 29:52 | Build | Mining Camp |
| 30:06 | Create | Scout Cavalry |
| 30:06 | Create | Scout Cavalry |
| 30:06 | Create | Scout Cavalry |
| 30:18 | Build | House |
| 30:20 | Build | Stone Wall |
| 30:27 | Build | Stone Wall |
| 30:35 | Age | Castle Age |
| 30:36 | Create | Camel Scout |
| 30:37 | Create | Camel Scout |
Build order — SSx_APOCALIPSE
First 150 of 317 actions detected
| 0:41 | Build | Town Center |
| 2:04 | Build | House |
| 2:47 | Research | Loom |
| 2:49 | Create | Villager (Male) |
| 2:49 | Create | Villager (Male) |
| 3:34 | Create | Villager (Male) |
| 3:47 | Build | House |
| 4:00 | Create | Villager (Male) |
| 4:00 | Create | Villager (Male) |
| 4:04 | Build | House |
| 4:19 | Build | House |
| 4:28 | Create | Villager (Male) |
| 4:33 | Build | House |
| 4:47 | Create | Villager (Male) |
| 4:47 | Create | Villager (Male) |
| 5:27 | Build | House |
| 5:47 | Create | Villager (Male) |
| 5:47 | Create | Villager (Male) |
| 6:05 | Build | Settlement |
| 6:09 | Create | Villager (Male) |
| 6:09 | Create | Villager (Male) |
| 6:50 | Create | Villager (Male) |
| 6:50 | Create | Villager (Male) |
| 6:50 | Create | Villager (Male) |
| 6:51 | Create | Villager (Male) |
| 7:13 | Create | Villager (Male) |
| 7:13 | Create | Villager (Male) |
| 7:42 | Create | Villager (Male) |
| 8:47 | Build | Settlement |
| 8:58 | Create | Villager (Male) |
| 9:33 | Create | Villager (Male) |
| 9:33 | Create | Villager (Male) |
| 9:56 | Create | Villager (Male) |
| 10:23 | Create | Villager (Male) |
| 10:27 | Build | House |
| 10:41 | Create | Villager (Male) |
| 11:23 | Build | Settlement |
| 11:32 | Research | Feudal Age |
| 13:16 | Build | Palisade Gate |
| 13:24 | Build | Palisade Wall |
| 13:39 | Create | Villager (Male) |
| 13:39 | Create | Villager (Male) |
| 13:43 | Age | Feudal Age |
| 13:52 | Build | Market |
| 14:13 | Build | Blacksmith |
| 14:31 | Build | Palisade Wall |
| 14:49 | Research | Castle Age |
| 14:49 | Research | Castle Age |
| 14:59 | Research | Double-Bit Axe |
| 16:12 | Build | Barracks |
| 16:17 | Research | Forging |
| 16:40 | Create | Villager (Male) |
| 16:40 | Create | Villager (Male) |
| 16:51 | Research | Gold Mining |
| 17:29 | Age | Castle Age |
| 17:34 | Research | Tech 1402 |
| 17:39 | Build | Barracks |
| 17:43 | Create | Villager (Male) |
| 17:43 | Create | Villager (Male) |
| 18:06 | Research | Squires |
| 18:32 | Build | House |
| 18:39 | Research | Tech 1351 |
| 19:01 | Build | Town Center |
| 19:08 | Create | Unit 2550 ×4 |
| 19:40 | Create | Villager (Male) |
| 19:47 | Research | Scale Mail Armor |
| 19:59 | Create | Unit 2550 |
| 20:24 | Create | Unit 2550 ×2 |
| 20:42 | Create | Villager (Male) |
| 20:45 | Build | Farm |
| 21:30 | Build | Farm |
| 21:33 | Build | Farm |
| 21:48 | Create | Villager (Male) |
| 21:50 | Create | Villager (Male) |
| 21:54 | Build | Farm |
| 21:54 | Build | Farm |
| 21:54 | Build | Farm |
| 21:54 | Build | Farm |
| 21:55 | Build | Farm |
| 21:55 | Build | Farm |
| 21:56 | Create | Villager (Male) |
| 21:56 | Create | Villager (Male) |
| 22:15 | Research | Chain Mail Armor |
| 22:30 | Create | Villager (Male) |
| 22:31 | Create | Villager (Male) |
| 22:46 | Create | Villager (Male) |
| 22:46 | Create | Villager (Male) |
| 23:02 | Build | Farm |
| 23:03 | Build | Farm |
| 23:03 | Build | Farm |
| 23:14 | Create | Unit 2550 ×3 |
| 23:14 | Create | Unit 2550 ×3 |
| 23:14 | Create | Unit 2550 ×3 |
| 23:31 | Create | Villager (Male) |
| 23:31 | Create | Villager (Male) |
| 23:34 | Build | Farm |
| 24:02 | Create | Unit 2550 ×3 |
| 24:03 | Create | Unit 2550 ×3 |
| 24:24 | Create | Villager (Male) |
| 24:55 | Create | Villager (Male) |
| 24:55 | Create | Villager (Male) |
| 25:07 | Create | Villager (Male) |
| 25:07 | Create | Villager (Male) |
| 25:11 | Build | Town Center |
| 25:12 | Create | Villager (Male) |
| 25:13 | Create | Villager (Male) |
| 25:30 | Create | Villager (Male) |
| 25:30 | Create | Villager (Male) |
| 25:33 | Build | Farm |
| 25:59 | Create | Villager (Male) |
| 25:59 | Create | Villager (Male) |
| 25:59 | Create | Villager (Male) |
| 26:13 | Create | Villager (Male) |
| 26:23 | Create | Villager (Male) |
| 26:23 | Create | Villager (Male) |
| 27:00 | Create | Unit 2550 ×3 |
| 27:09 | Create | Villager (Male) |
| 27:09 | Create | Villager (Male) |
| 27:16 | Build | Farm |
| 27:16 | Build | Farm |
| 27:17 | Build | Farm |
| 27:17 | Build | Farm |
| 27:17 | Build | Farm |
| 27:36 | Create | Villager (Male) |
| 27:46 | Create | Villager (Male) |
| 27:59 | Create | Villager (Male) |
| 28:05 | Build | Farm |
| 28:15 | Research | Iron Casting |
| 28:24 | Research | Arson |
| 28:25 | Create | Unit 2550 |
| 28:26 | Create | Villager (Male) |
| 28:26 | Create | Villager (Male) |
| 28:32 | Build | Farm |
| 28:32 | Build | Farm |
| 28:33 | Build | Farm |
| 28:36 | Create | Villager (Male) |
| 28:36 | Create | Villager (Male) |
| 28:51 | Build | Outpost |
| 28:53 | Create | Villager (Male) |
| 28:53 | Create | Villager (Male) |
| 29:01 | Create | Villager (Male) |
| 29:01 | Create | Villager (Male) |
| 29:11 | Create | Villager (Male) |
| 29:14 | Create | Unit 2550 ×2 |
| 29:26 | Create | Villager (Male) |
| 29:45 | Create | Villager (Male) |
| 29:46 | Create | Villager (Male) |
| 29:46 | Create | Villager (Male) |
| 29:57 | Create | Unit 2550 ×4 |
| 30:11 | Research | Horse Collar |
Build order — Fluorspar
First 150 of 346 actions detected
| 0:08 | Build | Town Center |
| 1:53 | Build | House |
| 2:18 | Create | Villager (Male) |
| 2:19 | Create | Villager (Male) |
| 2:19 | Create | Villager (Male) |
| 2:19 | Create | Villager (Male) |
| 3:08 | Create | Villager (Male) |
| 3:37 | Create | Villager (Male) |
| 3:37 | Create | Villager (Male) |
| 4:09 | Create | Villager (Male) |
| 4:09 | Create | Villager (Male) |
| 4:26 | Build | House |
| 4:46 | Create | Villager (Male) |
| 4:56 | Build | Settlement |
| 5:26 | Create | Villager (Male) |
| 5:39 | Create | Villager (Male) |
| 5:55 | Create | Villager (Male) |
| 6:27 | Create | Villager (Male) |
| 6:37 | Build | Settlement |
| 6:46 | Create | Villager (Male) |
| 7:10 | Create | Villager (Male) |
| 7:40 | Create | Villager (Male) |
| 7:40 | Create | Villager (Male) |
| 8:15 | Create | Villager (Male) |
| 8:49 | Create | Villager (Male) |
| 8:59 | Create | Villager (Male) |
| 9:31 | Research | Loom |
| 9:51 | Research | Feudal Age |
| 10:57 | Build | Settlement |
| 12:16 | Create | Villager (Male) |
| 12:17 | Create | Villager (Male) |
| 12:17 | Create | Villager (Male) |
| 12:23 | Age | Feudal Age |
| 12:26 | Build | Market |
| 12:38 | Build | Blacksmith |
| 13:13 | Research | Castle Age |
| 13:41 | Build | Outpost |
| 13:43 | Research | Town Watch |
| 14:21 | Research | Fletching |
| 14:51 | Research | Double-Bit Axe |
| 15:18 | Build | Settlement |
| 15:53 | Age | Castle Age |
| 15:57 | Build | Castle |
| 15:58 | Create | Villager (Male) |
| 16:17 | Create | Villager (Male) |
| 16:34 | Create | Villager (Male) |
| 16:56 | Research | Bodkin Arrow |
| 17:15 | Create | Unit 2579 |
| 17:15 | Create | Unit 2579 |
| 17:16 | Create | Villager (Male) |
| 17:16 | Create | Villager (Male) |
| 17:16 | Create | Villager (Male) |
| 17:26 | Create | Unit 2579 |
| 17:38 | Create | Unit 2579 |
| 17:42 | Create | Villager (Male) |
| 18:05 | Create | Unit 2579 ×3 |
| 18:06 | Create | Villager (Male) |
| 18:06 | Create | Villager (Male) |
| 18:35 | Create | Villager (Male) |
| 18:35 | Create | Villager (Male) |
| 19:08 | Create | Villager (Male) |
| 19:08 | Create | Villager (Male) |
| 19:09 | Create | Unit 2579 ×5 |
| 19:29 | Create | Villager (Male) |
| 19:29 | Create | Villager (Male) |
| 19:54 | Create | Villager (Male) |
| 20:10 | Create | Unit 2579 ×5 |
| 20:20 | Create | Villager (Male) |
| 20:20 | Create | Villager (Male) |
| 20:23 | Build | University |
| 20:43 | Create | Villager (Male) |
| 21:01 | Create | Villager (Male) |
| 21:01 | Create | Villager (Male) |
| 21:26 | Create | Villager (Male) |
| 21:26 | Create | Villager (Male) |
| 21:32 | Create | Villager (Male) |
| 21:37 | Create | Unit 2579 |
| 21:37 | Create | Unit 2579 |
| 21:45 | Research | Ballistics |
| 21:45 | Create | Villager (Male) |
| 22:07 | Create | Villager (Male) |
| 22:17 | Create | Unit 2579 ×3 |
| 22:42 | Create | Villager (Male) |
| 22:42 | Create | Villager (Male) |
| 23:30 | Create | Villager (Male) |
| 23:30 | Create | Villager (Male) |
| 23:40 | Build | Settlement |
| 23:40 | Create | Villager (Male) |
| 23:40 | Create | Villager (Male) |
| 23:43 | Create | Villager (Male) |
| 23:46 | Create | Villager (Male) |
| 23:47 | Create | Unit 2579 ×2 |
| 24:04 | Create | Villager (Male) |
| 24:08 | Create | Villager (Male) |
| 24:08 | Create | Villager (Male) |
| 24:17 | Create | Villager (Male) |
| 25:06 | Build | Siege Workshop |
| 25:33 | Create | Villager (Male) |
| 26:00 | Create | Unit 2579 |
| 26:03 | Create | Unit 2579 ×3 |
| 26:09 | Create | Trade Cart |
| 26:16 | Build | Barracks |
| 26:39 | Create | Villager (Male) |
| 26:58 | Build | Settlement |
| 27:09 | Create | Unit 2579 ×2 |
| 28:40 | Build | Settlement |
| 28:58 | Create | Villager (Male) |
| 28:58 | Create | Villager (Male) |
| 29:10 | Build | Settlement |
| 29:24 | Create | Unit 2582 |
| 29:39 | Create | Villager (Male) |
| 29:57 | Create | Villager (Male) |
| 30:12 | Build | Settlement |
| 30:17 | Create | Villager (Male) |
| 30:37 | Create | Villager (Male) |
| 30:51 | Create | Villager (Male) |
| 31:36 | Create | Villager (Male) |
| 31:40 | Create | Villager (Male) |
| 31:40 | Create | Villager (Male) |
| 31:46 | Build | Town Center |
| 31:55 | Create | Villager (Male) |
| 32:24 | Create | Villager (Male) |
| 32:24 | Create | Villager (Male) |
| 32:32 | Build | Town Center |
| 32:48 | Build | Outpost |
| 33:23 | Create | Villager (Male) |
| 33:36 | Build | Barracks |
| 33:39 | Build | Barracks |
| 33:41 | Build | Barracks |
| 33:42 | Build | Barracks |
| 33:57 | Create | Villager (Male) |
| 33:57 | Create | Villager (Male) |
| 34:13 | Build | Town Center |
| 34:16 | Create | Villager (Male) |
| 34:20 | Build | Barracks |
| 34:27 | Build | Barracks |
| 34:32 | Build | Barracks |
| 34:36 | Create | Villager (Male) |
| 34:36 | Create | Villager (Male) |
| 34:45 | Create | Villager (Male) |
| 34:56 | Create | Villager (Male) |
| 35:10 | Research | Scale Mail Armor |
| 35:17 | Build | Outpost |
| 35:19 | Create | Villager (Male) |
| 35:22 | Build | House |
| 35:23 | Build | House |
| 35:23 | Build | House |
| 35:24 | Build | House |
| 35:24 | Build | House |
| 35:24 | Build | House |
Build order — SS_T3q
124 actions detected in the replay
| 0:10 | Build | Town Center |
| 2:43 | Build | House |
| 2:52 | Build | House |
| 2:57 | Build | House |
| 3:00 | Build | House |
| 3:31 | Research | Loom |
| 3:47 | Create | Villager (Male) |
| 4:19 | Create | Villager (Male) |
| 4:19 | Create | Villager (Male) |
| 4:20 | Create | Villager (Male) |
| 4:41 | Create | Villager (Male) |
| 5:02 | Create | Villager (Male) |
| 5:36 | Create | Villager (Male) |
| 5:37 | Create | Villager (Male) |
| 5:38 | Create | Villager (Male) |
| 5:46 | Build | House |
| 5:54 | Build | Lumber Camp |
| 6:10 | Create | Villager (Male) |
| 6:46 | Create | Villager (Male) |
| 6:54 | Create | Villager (Male) |
| 7:37 | Create | Villager (Male) |
| 7:37 | Create | Villager (Male) |
| 8:01 | Create | Villager (Male) |
| 8:10 | Build | Mining Camp |
| 8:12 | Create | Villager (Male) |
| 8:30 | Build | House |
| 8:42 | Create | Villager (Male) |
| 8:44 | Build | House |
| 9:01 | Build | House |
| 9:13 | Create | Villager (Male) |
| 9:23 | Build | House |
| 9:26 | Build | House |
| 10:10 | Research | Feudal Age |
| 10:10 | Research | Feudal Age |
| 10:52 | Build | Barracks |
| 11:09 | Build | Palisade Wall |
| 11:12 | Build | Palisade Gate |
| 11:31 | Build | House |
| 11:38 | Create | Villager (Male) |
| 11:53 | Build | House |
| 12:20 | Age | Feudal Age |
| 12:22 | Build | Archery Range |
| 12:34 | Build | House |
| 12:38 | Create | Villager (Male) |
| 12:47 | Build | Archery Range |
| 12:54 | Create | Villager (Male) |
| 13:08 | Create | Archer |
| 13:13 | Build | Blacksmith |
| 13:22 | Create | Villager (Male) |
| 13:31 | Create | Archer |
| 13:35 | Build | House |
| 13:43 | Create | Villager (Male) |
| 13:47 | Create | Archer |
| 14:01 | Create | Villager (Male) |
| 14:03 | Create | Archer |
| 14:03 | Create | Archer |
| 14:06 | Research | Fletching |
| 14:06 | Research | Fletching |
| 14:07 | Research | Fletching |
| 14:12 | Build | Palisade Wall |
| 14:40 | Create | Villager (Male) |
| 14:46 | Create | Archer |
| 14:46 | Create | Archer |
| 14:58 | Create | Villager (Male) |
| 15:11 | Create | Archer |
| 15:12 | Create | Archer |
| 15:28 | Create | Villager (Male) |
| 15:33 | Build | House |
| 15:50 | Create | Archer |
| 16:12 | Create | Villager (Male) |
| 16:17 | Build | House |
| 16:20 | Build | Palisade Wall |
| 16:23 | Create | Villager (Male) |
| 16:43 | Create | Archer |
| 16:43 | Create | Archer |
| 17:26 | Create | Villager (Male) |
| 17:28 | Create | Villager (Male) |
| 17:47 | Create | Villager (Male) |
| 17:53 | Research | Double-Bit Axe |
| 17:54 | Research | Double-Bit Axe |
| 17:58 | Build | Mill |
| 17:59 | Create | Villager (Male) |
| 18:50 | Create | Archer |
| 18:50 | Create | Archer |
| 18:51 | Create | Archer |
| 18:51 | Create | Archer |
| 18:58 | Build | Farm |
| 19:00 | Build | Farm |
| 19:01 | Build | Farm |
| 19:01 | Build | Farm |
| 19:02 | Build | Farm |
| 19:04 | Build | Farm |
| 19:05 | Build | Farm |
| 19:06 | Build | Farm |
| 19:14 | Create | Spearman |
| 19:33 | Create | Archer |
| 19:34 | Create | Archer |
| 19:40 | Create | Villager (Male) |
| 19:46 | Build | Farm |
| 19:54 | Build | Farm |
| 19:56 | Build | Farm |
| 19:59 | Build | Farm |
| 20:00 | Create | Villager (Male) |
| 20:21 | Build | House |
| 20:22 | Build | House |
| 20:29 | Create | Archer |
| 20:30 | Create | Archer |
| 20:31 | Create | Villager (Male) |
| 20:35 | Build | Farm |
| 20:56 | Build | House |
| 21:18 | Research | Castle Age |
| 21:24 | Build | House |
| 21:43 | Build | Watch Tower |
| 22:22 | Build | House |
| 22:24 | Build | House |
| 22:26 | Build | House |
| 23:55 | Create | Villager (Male) |
| 23:58 | Age | Castle Age |
| 24:02 | Build | Siege Workshop |
| 24:23 | Create | Iron Pagoda |
| 24:57 | Create | Villager (Male) |
| 24:57 | Create | Villager (Male) |
| 24:58 | Create | Iron Pagoda |
| 25:09 | Build | Mining Camp |
Build order — Wiener
First 150 of 441 actions detected
| 0:41 | Build | Town Center |
| 2:48 | Build | House |
| 2:49 | Create | Villager (Male) |
| 2:49 | Create | Villager (Male) |
| 2:49 | Create | Villager (Male) |
| 2:56 | Create | Villager (Male) |
| 4:05 | Create | Villager (Male) |
| 4:05 | Create | Villager (Male) |
| 4:45 | Research | Loom |
| 5:14 | Create | Villager (Male) |
| 5:15 | Create | Villager (Male) |
| 5:15 | Create | Villager (Male) |
| 5:15 | Create | Villager (Male) |
| 5:23 | Build | House |
| 5:48 | Build | Mule Cart |
| 6:07 | Create | Villager (Male) |
| 6:33 | Create | Villager (Male) |
| 6:33 | Create | Villager (Male) |
| 7:02 | Create | Villager (Male) |
| 7:30 | Build | House |
| 7:40 | Build | Mill |
| 8:18 | Create | Villager (Male) |
| 8:18 | Create | Villager (Male) |
| 8:28 | Create | Villager (Male) |
| 9:18 | Build | Mill |
| 9:31 | Create | Villager (Male) |
| 10:10 | Create | Villager (Male) |
| 10:37 | Research | Feudal Age |
| 11:06 | Build | House |
| 12:21 | Create | Villager (Male) |
| 12:47 | Age | Feudal Age |
| 12:49 | Build | Market |
| 13:10 | Create | Villager (Male) |
| 13:16 | Build | Blacksmith |
| 13:18 | Build | Palisade Wall |
| 13:23 | Build | Palisade Wall |
| 13:28 | Create | Villager (Male) |
| 13:49 | Create | Villager (Male) |
| 13:56 | Build | Palisade Wall |
| 14:16 | Research | Double-Bit Axe |
| 14:22 | Create | Villager (Male) |
| 14:27 | Build | Palisade Wall |
| 14:30 | Build | Palisade Wall |
| 14:44 | Build | House |
| 14:48 | Build | Palisade Wall |
| 14:51 | Build | Palisade Wall |
| 14:53 | Create | Villager (Male) |
| 15:04 | Build | Palisade Gate |
| 15:09 | Build | Palisade Wall |
| 15:23 | Research | Castle Age |
| 15:57 | Build | Mill |
| 16:58 | Create | Villager (Male) |
| 17:52 | Create | Villager (Male) |
| 18:03 | Age | Castle Age |
| 18:06 | Build | Monastery |
| 18:17 | Build | Town Center |
| 18:30 | Create | Villager (Male) |
| 18:59 | Create | Monk |
| 19:02 | Create | Warrior Priest |
| 19:02 | Create | Warrior Priest |
| 19:16 | Build | Town Center |
| 19:27 | Create | Villager (Male) |
| 19:27 | Create | Villager (Male) |
| 19:37 | Build | House |
| 19:40 | Research | Bow Saw |
| 20:01 | Create | Villager (Male) |
| 20:08 | Create | Villager (Male) |
| 20:08 | Create | Villager (Male) |
| 20:12 | Build | Farm |
| 20:14 | Build | Farm |
| 20:22 | Research | Horse Collar |
| 20:22 | Research | Horse Collar |
| 20:28 | Create | Warrior Priest |
| 20:29 | Create | Warrior Priest |
| 20:37 | Research | Sanctity |
| 20:43 | Create | Villager (Male) |
| 20:43 | Create | Villager (Male) |
| 20:53 | Create | Villager (Male) |
| 20:54 | Create | Villager (Male) |
| 21:00 | Create | Villager (Male) |
| 21:00 | Create | Villager (Male) |
| 21:03 | Create | Warrior Priest |
| 21:11 | Build | Barracks |
| 21:20 | Create | Villager (Male) |
| 21:20 | Create | Villager (Male) |
| 21:23 | Build | Farm |
| 21:27 | Build | Farm |
| 21:33 | Research | Fervor |
| 21:35 | Create | Villager (Male) |
| 21:35 | Create | Villager (Male) |
| 21:37 | Build | House |
| 21:45 | Create | Villager (Male) |
| 21:48 | Create | Warrior Priest |
| 22:00 | Research | Scale Mail Armor |
| 22:05 | Build | House |
| 22:08 | Build | House |
| 22:10 | Create | Villager (Male) |
| 22:11 | Create | Villager (Male) |
| 22:13 | Build | House |
| 22:18 | Research | Squires |
| 22:28 | Create | Warrior Priest |
| 22:30 | Research | Gambesons |
| 22:47 | Create | Warrior Priest |
| 22:49 | Create | Villager (Male) |
| 22:49 | Create | Villager (Male) |
| 22:49 | Create | Villager (Male) |
| 22:55 | Create | Villager (Male) |
| 22:55 | Create | Villager (Male) |
| 22:59 | Build | Siege Workshop |
| 23:22 | Create | Warrior Priest |
| 23:23 | Create | Villager (Male) |
| 23:24 | Create | Villager (Male) |
| 23:32 | Create | Villager (Male) |
| 23:32 | Create | Villager (Male) |
| 23:47 | Create | Villager (Male) |
| 23:47 | Create | Villager (Male) |
| 24:12 | Create | Villager (Male) |
| 24:14 | Create | Warrior Priest |
| 24:22 | Create | Battering Ram |
| 24:22 | Create | Battering Ram |
| 24:23 | Create | Battering Ram |
| 24:29 | Create | Villager (Male) |
| 24:29 | Create | Villager (Male) |
| 24:40 | Create | Villager (Male) |
| 24:40 | Create | Villager (Male) |
| 24:53 | Create | Villager (Male) |
| 24:54 | Create | Villager (Male) |
| 24:54 | Create | Villager (Male) |
| 25:02 | Build | Farm |
| 25:02 | Build | Farm |
| 25:03 | Build | Farm |
| 25:03 | Build | Farm |
| 25:03 | Build | Farm |
| 25:03 | Build | Farm |
| 25:04 | Build | Farm |
| 25:04 | Build | Farm |
| 25:04 | Build | Farm |
| 25:06 | Build | House |
| 25:31 | Create | Villager (Male) |
| 25:31 | Create | Villager (Male) |
| 25:32 | Create | Villager (Male) |
| 25:51 | Create | Warrior Priest |
| 26:18 | Create | Villager (Male) |
| 26:18 | Create | Villager (Male) |
| 26:18 | Create | Villager (Male) |
| 26:22 | Build | Farm |
| 26:23 | Build | Farm |
| 26:24 | Build | Farm |
| 26:29 | Create | Villager (Male) |
| 26:29 | Create | Villager (Male) |
Build order — SS_Spectro
First 150 of 580 actions detected
| 0:13 | Build | Town Center |
| 1:35 | Build | House |
| 2:41 | Build | House |
| 2:46 | Create | Villager (Male) |
| 2:47 | Create | Villager (Male) |
| 2:47 | Create | Villager (Male) |
| 2:47 | Create | Villager (Male) |
| 2:47 | Create | Villager (Male) |
| 4:25 | Create | Villager (Male) |
| 4:26 | Create | Villager (Male) |
| 4:26 | Create | Villager (Male) |
| 4:33 | Build | House |
| 5:08 | Create | Villager (Male) |
| 5:09 | Create | Villager (Male) |
| 5:09 | Create | Villager (Male) |
| 5:39 | Create | Villager (Male) |
| 5:39 | Create | Villager (Male) |
| 5:39 | Create | Villager (Male) |
| 5:53 | Create | Villager (Male) |
| 5:54 | Create | Villager (Male) |
| 5:55 | Create | Villager (Male) |
| 6:10 | Build | Lumber Camp |
| 6:36 | Build | Palisade Wall |
| 6:39 | Build | House |
| 6:52 | Create | Villager (Male) |
| 6:52 | Create | Villager (Male) |
| 6:53 | Create | Villager (Male) |
| 7:03 | Create | Villager (Male) |
| 7:03 | Create | Villager (Male) |
| 7:12 | Build | House |
| 7:37 | Create | Villager (Male) |
| 7:38 | Create | Villager (Male) |
| 7:38 | Create | Villager (Male) |
| 8:12 | Create | Villager (Male) |
| 8:43 | Create | Villager (Male) |
| 8:44 | Create | Villager (Male) |
| 8:55 | Build | House |
| 9:04 | Create | Villager (Male) |
| 9:04 | Create | Villager (Male) |
| 9:04 | Create | Villager (Male) |
| 9:23 | Build | House |
| 9:24 | Create | Villager (Male) |
| 10:28 | Research | Loom |
| 10:51 | Build | House |
| 11:08 | Build | House |
| 11:23 | Build | House |
| 11:40 | Create | Villager (Male) |
| 11:40 | Create | Villager (Male) |
| 11:47 | Build | Mining Camp |
| 12:06 | Research | Feudal Age |
| 12:07 | Research | Feudal Age |
| 12:07 | Research | Feudal Age |
| 12:24 | Build | Palisade Wall |
| 12:26 | Build | Palisade Wall |
| 12:36 | Build | Palisade Wall |
| 12:40 | Build | Palisade Wall |
| 12:41 | Build | Palisade Wall |
| 12:43 | Build | Palisade Wall |
| 12:51 | Build | Palisade Wall |
| 13:10 | Build | Barracks |
| 13:39 | Create | Villager (Male) |
| 14:16 | Age | Feudal Age |
| 14:18 | Build | Blacksmith |
| 14:20 | Create | Villager (Male) |
| 14:52 | Build | Stable |
| 14:56 | Create | Villager (Male) |
| 15:34 | Create | Villager (Male) |
| 15:39 | Research | Castle Age |
| 15:46 | Build | Mining Camp |
| 15:59 | Research | Double-Bit Axe |
| 16:00 | Create | Villager (Male) |
| 16:49 | Research | Stone Mining |
| 17:11 | Create | Villager (Male) |
| 17:25 | Build | Mill |
| 17:31 | Build | House |
| 17:54 | Create | Villager (Male) |
| 18:19 | Age | Castle Age |
| 18:21 | Create | Villager (Male) |
| 18:26 | Research | Horse Collar |
| 18:49 | Build | Outpost |
| 18:52 | Research | Town Watch |
| 18:53 | Research | Bow Saw |
| 18:54 | Create | Villager (Male) |
| 19:18 | Build | Castle |
| 19:30 | Build | House |
| 19:53 | Create | Villager (Male) |
| 19:54 | Create | Villager (Male) |
| 20:01 | Build | Siege Workshop |
| 20:06 | Create | Villager (Male) |
| 20:13 | Build | Farm |
| 20:37 | Build | Farm |
| 20:39 | Build | Farm |
| 20:40 | Build | Farm |
| 20:47 | Create | Villager (Male) |
| 20:52 | Create | Scorpion |
| 20:52 | Create | Scorpion |
| 20:52 | Create | Scorpion |
| 20:57 | Build | House |
| 20:58 | Build | House |
| 21:00 | Build | House |
| 21:14 | Create | Obuch |
| 21:33 | Build | Farm |
| 21:35 | Build | Farm |
| 21:39 | Build | Farm |
| 21:43 | Create | Villager (Male) |
| 21:44 | Create | Villager (Male) |
| 21:46 | Build | Farm |
| 21:48 | Build | Farm |
| 21:49 | Build | Farm |
| 21:56 | Build | Farm |
| 21:58 | Build | Farm |
| 22:13 | Create | Villager (Male) |
| 22:29 | Create | Scorpion |
| 22:40 | Create | Villager (Male) |
| 22:49 | Create | Villager (Male) |
| 23:05 | Build | Town Center |
| 23:15 | Create | Villager (Male) |
| 23:44 | Build | Town Center |
| 23:47 | Create | Villager (Male) |
| 23:51 | Build | Farm |
| 23:53 | Build | Farm |
| 24:18 | Create | Villager (Male) |
| 24:19 | Create | Villager (Male) |
| 24:19 | Create | Villager (Male) |
| 24:23 | Create | Villager (Male) |
| 24:24 | Create | Villager (Male) |
| 24:24 | Create | Villager (Male) |
| 24:29 | Create | Villager (Male) |
| 24:37 | Build | Town Center |
| 24:55 | Create | Villager (Male) |
| 24:59 | Create | Villager (Male) |
| 24:59 | Create | Villager (Male) |
| 25:06 | Build | Farm |
| 25:13 | Build | Farm |
| 25:15 | Build | Farm |
| 25:26 | Create | Villager (Male) |
| 25:32 | Create | Villager (Male) |
| 25:32 | Create | Villager (Male) |
| 25:32 | Create | Villager (Male) |
| 25:43 | Create | Villager (Male) |
| 25:43 | Create | Villager (Male) |
| 25:43 | Create | Villager (Male) |
| 25:49 | Build | Farm |
| 25:53 | Build | Farm |
| 25:56 | Create | Villager (Male) |
| 26:06 | Create | Villager (Male) |
| 26:07 | Create | Villager (Male) |
| 26:11 | Build | Farm |
| 26:13 | Build | Farm |
| 26:14 | Build | Farm |
Match timeline
| 6:36 | SS_Spectro · wall_segment Palisade Wall x1 |
| 8:01 | deev · wall_segment Palisade Wall x7 |
| 8:08 | deev · wall_segment Palisade Wall x3 |
| 8:13 | deev · wall_segment Palisade Wall x5 |
| 9:46 | deev · wall_segment Palisade Wall x1 |
| 10:37 | SS_Snap · wall_segment Palisade Wall x5 |
| 10:38 | SS_Snap · wall_segment Palisade Wall x9 |
| 10:39 | SS_Snap · wall_segment Palisade Wall x5 |
| 10:52 | SS_T3q · first_building Barracks |
| 11:09 | SS_T3q · wall_segment Palisade Wall x6 |
| 11:47 | deev · wall_segment Palisade Wall x6 |
| 11:48 | deev · wall_segment Palisade Wall x1 |
| 11:49 | deev · wall_segment Palisade Wall x1 |
| 12:20 | SS_T3q · age_up feudal |
| 12:22 | SS_T3q · first_building Archery Range |
| 12:23 | Fluorspar · age_up feudal |
| 12:24 | SS_Spectro · wall_segment Palisade Wall x13 |
| 12:26 | SS_Spectro · wall_segment Palisade Wall x4 |
| 12:34 | SS_Snap · age_up feudal |
| 12:36 | SS_Spectro · wall_segment Palisade Wall x4 |
| 12:40 | SS_Spectro · wall_segment Palisade Wall x6 |
| 12:41 | SS_Spectro · wall_segment Palisade Wall x2 |
| 12:43 | SS_Spectro · wall_segment Palisade Wall x9 |
| 12:47 | Wiener · age_up feudal |
| 12:51 | SS_Spectro · wall_segment Palisade Wall x1 |
| 13:09 | deev · first_building Barracks |
| 13:10 | SS_Spectro · first_building Barracks |
| 13:17 | deev · wall_segment Palisade Wall x1 |
| 13:18 | Wiener · wall_segment Palisade Wall x1 |
| 13:23 | Wiener · wall_segment Palisade Wall x6 |
| 13:24 | SSx_APOCALIPSE · wall_segment Palisade Wall x3 |
| 13:35 | deev · age_up feudal |
| 13:41 | FMG | Esteban · age_up feudal |
| 13:43 | SSx_APOCALIPSE · age_up feudal |
| 13:49 | FMG | Esteban · wall_segment Stone Wall x1 |
| 13:50 | FMG | Esteban · wall_segment Stone Wall x1 |
| 13:56 | Wiener · wall_segment Palisade Wall x17 |
| 14:12 | SS_T3q · wall_segment Palisade Wall x7 |
| 14:16 | SS_Spectro · age_up feudal |
| 14:27 | Wiener · wall_segment Palisade Wall x2 |
| 14:30 | Wiener · wall_segment Palisade Wall x1 |
| 14:31 | SSx_APOCALIPSE · wall_segment Palisade Wall x6 |
| 14:48 | Wiener · wall_segment Palisade Wall x5 |
| 14:51 | Wiener · wall_segment Palisade Wall x18 |
| 14:52 | SS_Spectro · first_building Stable |
| 15:08 | FMG | Esteban · wall_segment Stone Wall x1 |
| 15:08 | FMG | Esteban · wall_segment Stone Wall x1 |
| 15:09 | FMG | Esteban · wall_segment Stone Wall x1 |
| 15:09 | Wiener · wall_segment Palisade Wall x4 |
| 15:18 | FMG | Esteban · wall_segment Stone Wall x1 |
| 15:18 | FMG | Esteban · wall_segment Stone Wall x1 |
| 15:40 | FMG | Esteban · wall_segment Stone Wall x1 |
| 15:45 | FMG | Esteban · wall_segment Stone Wall x1 |
| 15:46 | FMG | Esteban · wall_segment Stone Wall x1 |
| 15:48 | deev · first_building Stable |
| 15:49 | FMG | Esteban · wall_segment Stone Wall x1 |
| 15:53 | Fluorspar · age_up castle |
| 15:57 | Fluorspar · first_building Castle |
| 16:12 | SSx_APOCALIPSE · first_building Barracks |
| 16:20 | SS_T3q · wall_segment Palisade Wall x1 |
| 16:30 | SS_Snap · age_up castle |
| 16:53 | Fluorspar · first_market_buy 100 food |
| 17:15 | FMG | Esteban · age_up castle |
| 17:29 | SSx_APOCALIPSE · age_up castle |
| 17:32 | FMG | Esteban · first_building Castle |
| 18:03 | Wiener · age_up castle |
| 18:06 | Wiener · first_building Monastery |
| 18:19 | SS_Spectro · age_up castle |
| 18:47 | FMG | Esteban · wall_segment Palisade Wall x1 |
| 19:18 | SS_Spectro · first_building Castle |
| 20:01 | SS_Spectro · first_building Siege Workshop |
| 21:11 | Wiener · first_building Barracks |
| 22:14 | SSx_APOCALIPSE · first_market_buy 100 food |
| 22:59 | Wiener · first_building Siege Workshop |
| 23:29 | FMG | Esteban · first_market_buy 100 food |
| 23:43 | SS_Snap · first_building Siege Workshop |
| 23:54 | SS_Snap · first_market_buy 100 wood |
| 23:58 | SS_T3q · age_up castle |
| 24:02 | SS_T3q · first_building Siege Workshop |
| 24:20 | SS_Snap · first_building Castle |
| 25:06 | Fluorspar · first_building Siege Workshop |
| 26:16 | Fluorspar · first_building Barracks |
| 27:30 | deev · first_market_buy 100 food |
| 27:40 | SS_T3q · resign |
| 28:32 | Wiener · first_building Castle |
| 28:35 | Fluorspar · first_market_sell 100 stone |
| 29:12 | FMG | Esteban · wall_segment Stone Wall x1 |
| 29:12 | FMG | Esteban · wall_segment Stone Wall x1 |
| 29:13 | FMG | Esteban · wall_segment Stone Wall x1 |
| 29:14 | FMG | Esteban · wall_segment Stone Wall x1 |
| 29:15 | FMG | Esteban · wall_segment Stone Wall x1 |
| 29:15 | FMG | Esteban · wall_segment Stone Wall x1 |
| 29:16 | FMG | Esteban · wall_segment Stone Wall x1 |
| 29:31 | Wiener · first_market_buy 100 food |
| 30:20 | deev · wall_segment Stone Wall x1 |
| 30:27 | deev · wall_segment Stone Wall x1 |
| 30:35 | deev · age_up castle |
| 31:05 | FMG | Esteban · wall_segment Stone Wall x1 |
| 31:11 | FMG | Esteban · wall_segment Stone Wall x1 |
| 31:11 | deev · first_market_sell 100 stone |
| 31:45 | SS_Snap · first_building Barracks |
| 32:09 | SSx_APOCALIPSE · first_building Siege Workshop |
| 32:13 | SS_Spectro · wall_segment Stone Wall x1 |
| 32:31 | SS_Spectro · wall_segment Stone Wall x1 |
| 32:32 | SS_Spectro · wall_segment Stone Wall x1 |
| 32:46 | Wiener · age_up imperial |
| 33:04 | deev · wall_segment Stone Wall x1 |
| 33:28 | FMG | Esteban · age_up imperial |
| 33:32 | FMG | Esteban · first_market_sell 100 wood |
| 34:07 | FMG | Esteban · first_building Barracks |
| 34:08 | SS_Snap · age_up imperial |
| 34:43 | FMG | Esteban · first_building Archery Range |
| 37:14 | SS_Spectro · age_up imperial |
| 37:17 | deev · wall_segment Palisade Wall x1 |
| 37:45 | SS_Spectro · first_market_sell 100 food |
| 37:46 | SS_Spectro · first_market_buy 100 stone |
| 37:50 | SSx_APOCALIPSE · first_building Castle |
| 38:37 | deev · wall_segment Stone Wall x20 |
| 41:16 | deev · wall_segment Stone Wall x8 |
| 41:18 | FMG | Esteban · first_building Stable |
| 42:24 | deev · first_building Monastery |
| 42:38 | Wiener · first_market_sell 100 wood |
| 42:54 | SS_Snap · first_building Stable |
| 43:09 | FMG | Esteban · wall_segment Stone Wall x1 |
| 43:22 | deev · first_building Archery Range |
| 44:11 | deev · first_building Siege Workshop |
| 44:29 | FMG | Esteban · wall_segment Stone Wall x1 |
| 44:33 | FMG | Esteban · wall_segment Stone Wall x1 |
| 45:30 | FMG | Esteban · wall_segment Stone Wall x4 |
| 46:19 | deev · age_up imperial |
| 47:06 | SSx_APOCALIPSE · age_up imperial |
[ AI ANALYSIS · 1 CREDIT ]
What really happened in this match?
Wolo.gg analyzes every decision: build order, eco, micro, common mistakes by bracket. Personalized analysis on WhatsApp or Discord in 30 seconds.
Civ guide
Italians
Perfil
Jugador #1739917